Map: Shrines of Lizul

Players

MonstroTown - Winner!

  • Race: Terran Terran
  • Spawn Location: 3:00

Michael - Winner!

  • Race: Zerg Zerg
  • Spawn Location: 12:00

RaylanGivens

  • Race: Zerg Zerg
  • Spawn Location: 6:00

Macau

  • Race: Protoss Protoss
  • Spawn Location: 9:00

VOD

Have the link to the VOD?

Description

Time

  • Played on: Sept. 1, 2018, 5:06 p.m.
  • Length: 11:47
Show
View Real Time Build Order
Export as new Build Order

MonstroTown Terran - Winner!

Build Orders: Cyclone Opening 

Get SALT Encoding   

  12  0:00  SCV  
  13  0:13  SCV  
  14  0:18  Supply Depot  
  14  0:25  SCV  
  15  0:30  Refinery  
  15  0:40  SCV  
  16  0:47  Barracks  
  16  0:52  SCV  
  17  0:58  Refinery  
  18  1:04  SCV  
  18  1:16  SCV  
  19  1:28  SCV  
  20  1:34  Reaper  
  21  1:42  Factory, Orbital Command  
  21  1:59  Supply Depot  
  21  2:08  Barracks Reactor  
  21  2:09  SCV  
  22  2:21  SCV  
  23  2:35  Barracks  
  22  2:51  Cyclone x2  
  22  2:54  Barracks Reactor  
  22  2:57  SCV  
  29  3:09  SCV  
  30  3:16  Supply Depot  
  30  3:21  SCV  
  30  3:23  Cyclone  
  30  3:24  Cyclone  
  37  3:33  SCV  
  38  3:34  Marine  
  38  3:37  Marine  
  40  3:46  SCV  
  41  3:51  Marine  
  42  3:58  SCV, Supply Depot  
  42  4:00  Starport  
  36  4:20  Widow Mine x2  
  36  4:22  Marine x2  
  34  4:25  Marine  
  35  4:36  Medivac  
  36  4:52  Barracks Tech Lab, Marine x2  
  36  4:54  Cyclone x2  
  44  5:10  Marine  
  42  5:43  Marine x2  
  42  5:44  Medivac  
  42  5:45  Cyclone x2  
  52  5:52  Command Center  
  47  6:20  Cyclone x2  
  47  6:24  Supply Depot  
  53  6:29  Starport Reactor  
  53  6:30  Marine x2  
  55  6:44  Stimpack  
  55  6:48  Marine x2  
  55  6:49  Marine  
  55  6:50  Engineering Bay  
  48  7:45  Liberator  
  43  7:57  Marine x3  
  32  8:00  Hellion  
  32  8:01  Hellion  
  39  8:06  Terran Infantry Weapons Level 1  
  39  8:13  Orbital Command  
  39  8:29  Orbital Command  
  39  8:35  Bunker  
  39  8:36  Bunker  
  39  8:39  Missile Turret  
  39  8:41  Missile Turret, Bunker  
  39  8:44  Marine  
  39  8:45  Marine x2  
  42  8:56  Medivac x2  
  42  8:58  Widow Mine x2  
  42  9:02  Missile Turret  
  50  9:03  Marauder  
  49  9:38  Marine x3  
  51  9:40  Cyclone x2  
  58  9:56  Marauder  
  54  10:18  Marauder  
  54  10:19  Marine x2  
  58  10:37  Marine  
  58  10:42  Marine x2  
  60  10:43  Viking  
  63  10:50  Refinery  
  63  10:54  Marine  
  45  11:26  Marine  
  45  11:27  Marine x2  
  52  11:35  Barracks  
Show
View Real Time Build Order
Export as new Build Order

Michael Zerg - Winner!

Build Orders: Hatch First 

Get SALT Encoding   

  12  0:01  Drone  
  13  0:13  Overlord  
  13  0:18  Drone  
  14  0:31  Drone x2  
  14  0:35  Drone  
  17  0:45  Drone  
  18  0:58  Hatchery  
  18  1:01  Drone  
  18  1:04  Extractor  
  17  1:12  Drone  
  18  1:20  Spawning Pool  
  17  1:29  Drone x2  
  19  1:39  Drone  
  20  1:49  Overlord  
  20  2:07  Queen  
  22  2:08  Metabolic Boost  
  22  2:10  Queen  
  22  2:12  Zergling x2  
  25  2:16  Zergling x2  
  25  2:20  Zergling x2  
  27  2:26  Zergling x4  
  29  2:34  Zergling x4  
  30  2:50  Drone x2  
  32  2:52  Queen  
  34  2:58  Overlord  
  31  3:26  Drone  
  33  3:27  Drone x8  
  39  3:42  Drone  
  39  3:43  Drone x3  
  43  3:50  Roach Warren  
  42  3:59  Drone x2  
  44  4:04  Overlord x2  
  41  4:19  Lair  
  41  4:23  Queen  
  43  4:29  Spore Crawler  
  43  4:30  Roach  
  43  4:31  Roach x3  
  50  4:32  Spore Crawler  
  50  4:33  Roach  
  51  4:41  Spine Crawler  
  51  4:43  Drone x2, Spore Crawler  
  52  4:45  Drone  
  52  4:47  Drone  
  53  4:58  Roach x2  
  53  4:59  Roach  
  50  5:10  Roach x5  
  52  5:15  Overlord  
  42  5:24  Drone x2  
  41  5:32  Drone  
  41  5:34  Drone x2  
  44  6:03  Hydralisk Den  
  43  6:06  Drone x6  
  43  6:07  Extractor  
  48  6:29  Drone  
  48  6:30  Drone x2  
  51  6:33  Extractor x2  
  51  6:34  Hatchery  
  51  6:35  Drone  
  51  6:36  Drone  
  51  6:38  Drone  
  51  6:41  Drone  
  51  6:44  Drone  
  51  6:46  Drone  
  54  6:51  Drone  
  54  6:52  Drone  
  56  6:54  Drone  
  56  6:57  Drone  
  58  7:02  Muscular Augments  
  58  7:10  Glial Reconstitution  
  58  7:12  Drone x2  
  60  7:16  Overlord  
  60  7:20  Overlord  
  60  7:42  Hydralisk x5  
  64  7:45  Hydralisk  
  56  7:52  Queen  
  56  7:56  Roach x2  
  56  7:57  Roach x4  
  70  8:03  Roach x2  
  74  8:10  Roach x2  
  74  8:11  Roach  
  80  8:16  Grooved Spines  
  80  8:22  Evolution Chamber  
  79  8:28  Roach  
  79  8:30  Overlord x2  
  81  8:34  Overlord  
  81  8:48  Zerg Ground Armor Level 1  
  81  8:55  Hydralisk  
  81  8:56  Hydralisk, Evolution Chamber  
  81  8:58  Spine Crawler  
  83  9:09  Roach x3  
  89  9:11  Roach  
  91  9:18  Drone x3  
  91  9:21  Drone  
  91  9:23  Drone  
  96  9:31  Hydralisk x2  
  100  9:44  Hydralisk x3  
  100  10:10  Hydralisk x3  
  106  10:17  Overlord x4  
  106  10:18  Overlord  
  104  10:41  Hydralisk x9  
  120  10:48  Hydralisk  
  120  10:49  Hydralisk x2  
  126  11:01  Hydralisk x3  
  132  11:10  Hydralisk x2  
  132  11:11  Hydralisk  
  112  11:23  Hydralisk x3  
  118  11:32  Drone x4  
  120  11:34  Drone  
Show
View Real Time Build Order
Export as new Build Order

RaylanGivens Zerg 

Build Orders: Hatch First 

Get SALT Encoding   

  12  0:02  Drone  
  13  0:16  Overlord  
  13  0:25  Drone  
  14  0:35  Drone x2  
  16  0:39  Drone  
  17  0:59  Drone  
  17  1:00  Hatchery  
  17  1:07  Extractor  
  16  1:17  Spawning Pool  
  16  1:18  Drone  
  16  1:33  Drone  
  16  1:36  Drone x2  
  19  1:57  Overlord  
  19  2:13  Queen x2  
  19  2:15  Zergling x6  
  26  2:19  Zergling x2  
  27  2:40  Zergling x6  
  27  2:41  Zergling x2  
  31  2:46  Metabolic Boost  
  31  2:51  Zergling x4  
  33  2:53  Baneling Nest  
  32  3:11  Queen  
  31  3:35  Zergling x2  
  31  3:36  Zergling x8  
  31  3:38  Baneling x2  
  31  3:39  Overlord x2, Baneling  
  28  4:20  Zergling x18  
  33  4:31  Baneling x4  
  33  4:39  Zergling x10  
  33  4:40  Zergling x2  
  24  5:46  Zergling x2  
  24  5:47  Zergling x18  
  34  5:59  Zergling x2  
  34  6:00  Zergling x2  
  36  6:22  Zergling x12  
  36  6:23  Zergling x4  
  44  6:27  Lair  
  44  6:38  Drone x3  
  47  6:47  Drone x5  
  52  7:02  Overlord x2  
  52  7:06  Spore Crawler  
  37  8:04  Queen  
  39  8:13  Drone x4  
  39  8:14  Drone x2  
  39  8:15  Zergling x18  
  54  8:34  Spore Crawler  
  54  8:36  Drone  
  54  8:37  Drone x4  
  58  8:43  Extractor x2  
  58  8:46  Queen  
  58  9:18  Centrifical Hooks  
  58  9:21  Drone  
  58  9:22  Drone x3  
  58  9:23  Drone x3  
  65  9:38  Extractor  
  64  9:45  Hydralisk Den  
  63  9:47  Spore Crawler  
  63  9:51  Spore Crawler  
  53  9:58  Baneling x5  
  53  9:59  Baneling  
  45  10:18  Hydralisk x10  
  62  10:22  Hydralisk  
  64  10:30  Hydralisk x2  
  68  10:42  Overlord x3  
Show
View Real Time Build Order
Export as new Build Order

Macau Protoss 

Build Orders:  

Get SALT Encoding   

  12  0:01  Probe  
  13  0:13  Probe  
  14  0:22  Pylon  
  14  0:25  Probe  
  15  0:37  Probe  
  15  0:42  Gateway  
  16  0:45  Probe  
  17  0:51  Assimilator  
  17  0:54  Probe  
  17  0:59  Assimilator  
  18  1:06  Probe  
  18  1:10  Pylon  
  19  1:24  Probe  
  19  1:32  Probe  
  20  1:37  Cybernetics Core  
  20  1:39  Zealot  
  23  1:42  Probe  
  24  1:54  Probe  
  25  2:01  Pylon  
  25  2:06  Probe  
  26  2:19  Stargate  
  26  2:36  Probe  
  27  2:49  Probe  
  27  2:57  Sentry  
  29  2:59  Void Ray  
  29  3:01  Probe  
  30  3:07  Shield Battery  
  34  3:25  Twilight Council  
  34  3:41  Void Ray  
  38  4:02  Charge  
  38  4:06  Gateway  
  38  4:07  Gateway  
  38  4:44  Nexus, Pylon  
  38  4:48  Pylon  
  38  4:52  Forge  
  38  5:01  Warp Gate  
  38  5:02  Void Ray  
  42  5:34  Nexus  
  42  5:45  Void Ray  
  42  5:47  Pylon  
  46  5:57  Zealot  
  46  6:28  Void Ray  
  50  6:33  Probe  
  50  6:34  Probe  
  52  6:44  Photon Cannon  
  52  6:46  Probe  
  53  6:49  Photon Cannon  
  53  6:59  Pylon  
  53  7:22  Probe x2  
  53  7:23  Probe  
  56  7:30  Probe x2  
  56  7:31  Probe  
  59  7:56  Probe x2  
  59  7:57  Probe  
  59  8:04  Probe x2  
  59  8:05  Probe  
  62  8:09  Assimilator  
  62  8:12  Assimilator  
  65  8:13  Photon Cannon, Probe x2  
  65  8:14  Shield Battery  
  65  8:16  Photon Cannon, Shield Battery  
  65  8:18  Probe, Shield Battery  
  67  8:22  Assimilator  
  67  8:24  Assimilator  
  68  8:27  Stargate  
  68  8:33  Templar Archives  
  68  8:36  Probe  
  68  8:37  Probe x2  
  68  8:39  Pylon  
  71  8:44  Probe  
  71  8:45  Probe  
  71  8:50  Probe  
  71  8:53  Probe  
  71  8:54  Probe  
  74  9:02  Probe  
  76  9:04  Fleet Beacon  
  76  9:08  Stargate  
  77  9:10  Stargate  
  77  9:33  Probe  
  77  9:36  Void Ray  
  77  9:37  Void Ray  
  86  9:40  Protoss Air Weapons Level 1  
  86  9:42  Psionic Storm  
  86  9:43  Probe  
  87  9:46  Cybernetics Core  
  87  9:47  High Templar  
  87  9:48  High Templar  
  76  10:11  Void Ray x2  
  76  10:12  Void Ray  
  63  10:16  Zealot  
  43  10:43  Zealot x3  
  49  11:01  Void Ray  
  49  11:02  Void Ray  
  57  11:05  Zealot  
  57  11:06  Zealot x2  
Tags
 
Add a new tag
Caveats
  • Supply blocks, unpowered buildings, or Contaminate may cause inaccurate times.
  • Supply counts are checked every 10 seconds.